 Dungeon Sprint DCSS version 0.21-a0-401-g0b6bec4 (webtiles) character file.

184 Kidiri the Skirmisher (level 5, -1/51 HPs)
             Began as a Hill Orc Monk on Oct 26, 2017.
             Was an Elder of Wu Jian.
             Slain by a sky beast (5 damage)
             ... while paralysed
             ... in the Dungeon (Sprint VII: "The Pits").
             The game lasted 00:03:07 (770 turns).

Kidiri the Skirmisher (Hill Orc Monk)                Turns: 770, Time: 00:03:08

Health: -1/51      AC:  2    Str: 14    XL:     5   Next: 64%
Magic:  5/5        EV:  2    Int: 10    God:    Wu Jian [****..]
Gold:   0          SH:  0    Dex: 14    Spells: 4/4 levels left

rFire    . . .     SeeInvis .   a - +1 dagger (elec)
rCold    . . .     Gourm    .   (no shield)
rNeg     . . .     Faith    .   b - +0 robe
rPois    .         Spirit   .   (no helmet)
rElec    .         Reflect  .   (no cloak)
rCorr    .         Harm     .   (no gloves)
MR       .....     NoTele   +   (no boots)
Stlth    +++.......             (no amulet)
HPRegen  0.17/turn              (no ring)
MPRegen  0.09/turn              (no ring)

@: paralysed, berserk cooldown, slowed
A: no striking features
a: Serpent's Lash, Renounce Religion


You were in the Dungeon.
You worshipped Wu Jian.
Wu Jian was greatly pleased with you.
You were not hungry.

You visited 1 branch

Inventory:

Hand Weapons
 a - a +1 dagger of electrocution (weapon)
Missiles
 q - 13 stones (quivered)
Armour
 b - a +0 robe (worn)
Scrolls
 i - a scroll of blinking
 l - 3 scrolls of remove curse
 m - 5 scrolls of amnesia
 n - a scroll of summoning
Potions
 e - 5 potions of curing
 f - a potion of haste
 g - 4 potions of magic
 h - 2 potions of berserk rage
 j - 4 potions of heal wounds
 k - 2 potions of invisibility
Comestibles
 c - 8 bread rations
 d - a chunk of flesh
 o - 40 fruits
 p - 7 meat rations


   Skills:
 * Level 6.9 Fighting
 * Level 5.8 Short Blades
 + Level 2.8 Throwing
 + Level 3.5 Armour
 * Level 4.8 Dodging
 * Level 4.7 Stealth


You had 4 spell levels left.
You didn't know any spells.

Dungeon Overview and Level Annotations

Branches:
Dungeon (1/1)

Altars:
Ashenzari
Cheibriados
Dithmenos
Elyvilon
Fedhas
Gozag
Hepliaklqana
Kikubaaqudgha
Makhleb
Nemelex Xobeh
Okawaru
Qazlal
Ru
Sif Muna
Trog
Uskayaw
Vehumet
Wu Jian
Xom
Yredelemnul
Zin
The Shining One
Beogh
Jiyva
Lugonu


Message History

Something hits you but does no damage.
Unknown command.
You hit something. You miss something. Something hits you.
Something shocks you.
The iron imp shouts, "Quit, thou currish unchin-snouted bladder!"
Your unstable footing causes you to fumble your attack.
You feel less exhausted.
Unknown command.
You are no longer berserk.
You pass out from exhaustion.
You feel yourself slow down. Something hits you. Something shocks you.
Something hits you. Something shocks you.
* * * LOW HITPOINT WARNING * * *
Something hits you.
* * * LOW HITPOINT WARNING * * *
Something shocks you.
* * * LOW HITPOINT WARNING * * *
Something hits you.
You die...

#_______...#######
##########+##.....
#.?|.+)))+.##.....
##########.##.....
#...........'.....
#'#####+#####.....
#.#..#..#[[##.....
#.#..+..#))#####+#
#@#..####))##.....
#{#..#..#))##.....
#r#..#..#..##.....
#o##+#..#+###...<.
#5#........##.....
#.#........##.....
#'###########.....
#.( ###### #...


You could see an orc warrior, an iron imp and a river rat.

Vanquished Creatures
  A warg (D)
  A worker ant (D)
  A gnoll (D)
  A river rat (D)
  An adder (D)
  An ufetubus (D)
  An orc (D)
  A giant cockroach (D)
  2 jackals (D)
  A kobold (D)
  A quokka (D)
  A bat (D)
  A rat (D)
14 creatures vanquished.

Notes
Turn   | Place    | Note
-------+----------+-------------------------------------------
     0 | D        | Kidiri the Hill Orc Monk began the quest for the Orb.
     0 | D        | Reached XP level 1. HP: 19/19 MP: 1/1
    32 | D        | Found a bloodstained altar of Trog.
    32 | D        | Found a deep blue altar of Sif Muna.
    32 | D        | Found a viscous altar of Jiyva.
    32 | D        | Found a hazy altar of Hepliaklqana.
    32 | D        | Found an opulent altar of Gozag.
    33 | D        | Found a glowing golden altar of the Shining One.
    33 | D        | Found a glowing silver altar of Zin.
    33 | D        | Found a basalt altar of Yredelemnul.
    33 | D        | Found a shimmering altar of Xom.
    33 | D        | Found an ornate altar of the Wu Jian Council.
    33 | D        | Found a sacrificial altar of Ru.
    33 | D        | Found a stormy altar of Qazlal.
    33 | D        | Found an iron altar of Okawaru.
    33 | D        | Found a sparkling altar of Nemelex Xobeh.
    33 | D        | Found a burning altar of Makhleb.
    33 | D        | Found a blossoming altar of Fedhas.
    33 | D        | Found a white marble altar of Elyvilon.
    33 | D        | Found a shadowy altar of Dithmenos.
    33 | D        | Found a snail-covered altar of Cheibriados.
    35 | D        | Found a radiant altar of Vehumet.
    35 | D        | Found a corrupted altar of Lugonu.
    35 | D        | Found a roughly hewn altar of Beogh.
    36 | D        | Found a hide-covered altar of Uskayaw.
    36 | D        | Found an ancient bone altar of Kikubaaqudgha.
    36 | D        | Found a shattered altar of Ashenzari.
    42 | D        | Became a worshipper of the Wu Jian Council
    42 | D        | Reached * piety under Wu Jian
    42 | D        | Reached ** piety under Wu Jian
   102 | D        | Reached skill level 4 in Fighting
   102 | D        | Reached skill level 1 in Armour
   102 | D        | Reached XP level 2. HP: 17/27 MP: 2/2
   216 | D        | Reached *** piety under Wu Jian
   224 | D        | HP: 1/27 [worker ant (7)]
   230 | D        | Reached skill level 1 in Throwing
   230 | D        | Reached XP level 3. HP: 22/35 MP: 3/3
   429 | D        | Reached skill level 5 in Fighting
   670 | D        | Reached **** piety under Wu Jian
   732 | D        | Noticed a warg
   733 | D        | Noticed a sky beast
   738 | D        | Reached XP level 4. HP: 42/42 MP: 4/4
   753 | D        | Killed a warg
   753 | D        | Reached skill level 6 in Fighting
   753 | D        | Reached skill level 5 in Short Blades
   753 | D        | Reached XP level 5. HP: 51/51 MP: 5/5
   754 | D        | Noticed an orc warrior
   770 | D        | Slain by a sky beast

Vault maps used:
D:        pitsprint

Skill      XL: |  1  2  3  4 |
---------------+-------------+-----
Fighting       | 4 5 6 |  6.9
Armour         | 1 2 3 |  3.5
Stealth        | 2 3 4 |  4.7
Dodging        | 3 4 |  4.8
Short Blades   | 4 5 |  5.8
Throwing       | 1 2 |  2.8

Action                   |  1- 3 |  4- 6 || total
-------------------------+-------+-------++-------
Melee: Short sword       |    12 |       ||    12
       Dagger            |    57 |    23 ||    80
Throw: Stone             |     2 |       ||     2
Invok: Serpent's Lash    |       |     1 ||     1
  Use: Potion            |     2 |     2 ||     4
 Stab: Sleeping          |     2 |       ||     2
Armor: Robe              |     5 |     1 ||     6
Dodge: Dodged            |    46 |    14 ||    60

Table legend:
 A = Spawn XP
 B = Non-spawn XP
 C = Spawn XP percentage of total XP
 D = Spawn monster count
 E = Non-spawn monster count
 F = Spawn count percentage of total count
 G = Total turns spent on level
                    A         B        C        D         E        F      G
               +---------+---------+-------+---------+---------+-------+---------
         Total |       0 |     264 |   0.0 |       0 |      14 |   0.0 |   770
               +---------+---------+-------+---------+---------+-------+---------
             D |       0 |     264 |   0.0 |       0 |      14 |   0.0 |   770
               +---------+---------+-------+---------+---------+-------+---------
